 Dungeon Crawl Stone Soup version 0.21-a0-528-gf531e82 (webtiles) character file.

5 Gorglomux the Cutter (level 1, 0/12 HPs)
             Began as a Halfling Wanderer on Dec 8, 2017.
             Slain by a leopard gecko (1 damage)
             ... on level 1 of the Dungeon on Dec 9, 2017.
             The game lasted 00:02:01 (433 turns).

Gorglomux the Cutter (Halfling Wanderer)             Turns: 433, Time: 00:02:01

Health: 0/12       AC:  3    Str: 13    XL:     1   Next: 88%
Magic:  2/3        EV: 14    Int:  9    God:
Gold:   49         SH:  0    Dex: 14    Spells: 2/3 levels left

rFire    . . .     SeeInvis .   b - +0 short sword
rCold    . . .     Gourm    .   (shield restricted)
rNeg     . . .     Faith    .   W - +0 leather armour
rPois    .         Spirit   .   (no helmet)
rElec    .         Reflect  .   (no cloak)
rCorr    .         Harm     .   (no gloves)
MR       .....                  (no boots)
Stlth    +.........             (no amulet)
HPRegen  0.04/turn              (no ring)
MPRegen  0.08/turn              (no ring)

@: no status effects
A: small, mutation resistance 1
a: no special abilities


You were on level 1 of the Dungeon.
You were not hungry.

You visited 1 branch of the dungeon, and saw 1 of its levels.

You collected 49 gold pieces.

Inventory:

Hand Weapons
 b - a +0 short sword (weapon)
Missiles
 X - 13 sling bullets
Armour
 W - a +0 leather armour (worn)
Scrolls
 T - 2 scrolls of teleportation
 V - a scroll of identify {unknown}
Books
 a - a book of Minor Magic

   Spells                             Type                      Level
   a - Magic Dart                     Conjuration                  1
   b - Blink                          Translocation                2
   c - Call Imp                       Summoning                    2
   d - Slow                           Hexes                        2
   e - Conjure Flame                  Conjuration/Fire             3
   f - Mephitic Cloud                 Conjuration/Poison/Air       3
Comestibles
 f - a bread ration
 z - a meat ration
 U - a chunk of flesh


   Skills:
 + Level 0.3 Fighting
 + Level 4.9 Short Blades
 - Level 1.0 Throwing
 + Level 0.4 Armour
 + Level 1.3 Dodging
 - Level 1.1 Stealth
 - Level 1.5 Spellcasting
   Level 1.0 Necromancy


You had 2 spell levels left.
You knew the following spells:

 Your Spells              Type           Power        Failure   Level  Hunger
a - Magic Dart            Conj           #...         41%         1    ##.....


Dungeon Overview and Level Annotations

Branches:
Dungeon (1/15)

Altars:


Innate Abilities, Weirdness & Mutations

You are small and have problems with some larger weapons.
You are somewhat resistant to further mutation.


Message History

You closely miss the butt gecko!
The leopard gecko is almost dead!
The leopard gecko completely misses you!
Unknown command!
You aren't carrying any potions!
You closely miss the leopard gecko!
The leopard gecko is almost dead!
Unknown butt!
You completely miss the butt gecko!
The leopard gecko is almost dead!
The leopard gecko completely misses you!
Unknown command!
You closely miss the leopard gecko!
The leopard gecko is almost dead!
The butt gecko bites you but does no damage!
Unknown command!
You closely miss the leopard gecko!
The leopard gecko is almost dead!
The leopard gecko bites you! rip

#.# #.# # #.# #
#.# ## # #.. .# .#
#
#?##.####.########
#l#...?....?......
#@...≈.....≈......
##..≈≈≈≈...≈......
#.≈≈≈≈≈$≈≈§≈.....
#.≈≈≈≈≈≈≈≈≈≈.....
#..≈≈≈≈≈§≈§≈≈....
#...≈≈≈≈§≈§≈≈....
#....≈≈≈§≈≈≈≈....
#.....≈≈≈≈≈≈≈....
#......≈≈≈≈≈≈....


You could see a leopard gecko.

Vanquished Creatures
  2 hobgoblins (D:1)
  A frilled lizard (D:1)
  2 kobolds (D:1)
  A rat (D:1)
6 creatures vanquished.

Vanquished Creatures (others)
  A bat (D:1)
1 creature vanquished.

Grand Total: 7 creatures vanquished

Notes
Turn   | Place    | Note
-------+----------+-------------------------------------------
     0 | D:1      | Gorglomux the Halfling Wanderer began the quest for the Orb.
     0 | D:1      | Gorglomux set off with: a book of Minor Magic, a +0 short sword, a +0 robe, a bread ration, a scroll of teleportation
     0 | D:1      | Reached XP level 1. HP: 11/11 MP: 3/3
     2 | D:1      | Learned a level 1 spell: Magic Dart
   433 | D:1      | Slain by a leopard gecko

Vault maps used:
D:1:      lightli_arrival_chessboard, serial_forest, infiniplex_forest_3_way,
          infiniplex_forest_clump_medium, infiniplex_forest_clump_small,
          infiniplex_forest_straight_2, infiniplex_forest_straight_3,
          infiniplex_forest_straight_2, lemuel_old_faithful

Action                   || total
-------------------------++-------
Melee: Short sword       ||    21
 Cast: Magic Dart        ||     5
Armor: Robe              ||     2
       Leather armour    ||     1
Dodge: Dodged            ||     7

Table legend:
 A = Spawn XP
 B = Non-spawn XP
 C = Spawn XP percentage of total XP
 D = Spawn monster count
 E = Non-spawn monster count
 F = Spawn count percentage of total count
 G = Total turns spent on level
                    A         B        C        D         E        F      G
               +---------+---------+-------+---------+---------+-------+---------
         Total |       0 |       8 |   0.0 |       0 |       6 |   0.0 |   433
               +---------+---------+-------+---------+---------+-------+---------
           D:1 |       0 |       8 |   0.0 |       0 |       6 |   0.0 |   433
               +---------+---------+-------+---------+---------+-------+---------
